 Dungeon Crawl Stone Soup version 0.30-b1-2-g02819fbbbe (webtiles) character file.

Game seed: 9770941764365491892

2692 Anon1729 the Trooper (level 9, -6/79 HPs)
             Began as a Minotaur Monk on Aug 26, 2023.
             Was an Elder of Uskayaw.
             Killed from afar by a steam dragon (11 damage)
             ... with a ball of steam
             ... on level 8 of the Dungeon.
             The game lasted 00:05:28 (6215 turns).

Anon1729 the Trooper (Minotaur Monk)                Turns: 6215, Time: 00:05:29

Health: -6/79      AC:  3    Str: 20 (22) XL:     9   Next: 38%
Magic:  7/11       EV: 15    Int:  6 (7)  God:    Uskayaw [****..]
Gold:   98         SH:  0    Dex: 17      Spells: 8/8 levels left

rFire   . . .        t - +2 dagger (chaos)
rCold   . . .        d - orb {light}
rNeg    + . .        b - +0 robe
rPois   .            (helmet restricted)
rElec   .            h - scarf {repulsion}
rCorr   .            (no gloves)
SInv    .            s - +0 pair of boots
Will    .....        (no amulet)
Stlth   +            l - +6 ring of strength
HPRegen 0.33/turn    y - ring of positive energy
MPRegen 0.12/turn

%: repel missiles
@: glowing
A: horns 2, retaliatory headbutt
a: Renounce Religion, Stomp, Line Pass


You were on level 8 of the Dungeon.
You worshipped Uskayaw.
Uskayaw was noncommittal.
You visited 1 branch of the dungeon, and saw 8 of its levels.

You collected 267 gold pieces.
You spent 169 gold pieces at shops.

Inventory:

Hand Weapons
 a - a +0 short sword
 e - a +0 rapier
 t - a +2 dagger of chaos (weapon)
Missiles
 q - a throwing net (quivered)
Armour
 b - a +0 robe (worn)
 d - an orb of light (worn)
 h - a scarf of repulsion (worn)
 s - a +0 pair of boots (worn)
Jewellery
 l - a +6 ring of strength (left hand)
 m - a +6 ring of intelligence
 y - a ring of positive energy (right hand)
Wands
 A - a wand of polymorph (6)
 C - a wand of flame (15)
Scrolls
 f - 2 scrolls of enchant weapon
 g - a scroll of vulnerability
 k - a scroll of blinking
 o - a scroll of immolation
 p - a scroll of amnesia
 r - 2 scrolls of identify
 u - a scroll of enchant armour
 v - a scroll of fear
 w - a scroll of teleportation
 x - a scroll of brand weapon {unknown}
Potions
 c - 2 potions of ambrosia
 i - a potion of berserk rage {unknown}
 j - 3 potions of curing
 n - a potion of resistance
 z - 2 potions of attraction
 B - 2 potions of haste
 D - a potion of mutation


   Skills:
 + Level 7.3 Fighting
 + Level 6.6 Short Blades
 + Level 6.0 Armour
 + Level 6.7 Dodging
 + Level 4.6 Stealth
 + Level 5.0 Invocations


You had 8 spell levels left.
You didn't know any spells.
Your spell library contained the following spells:

 Spells                   Type           Power      Damage    Failure   Level
 Beastly Appendage        Tmut           0%         N/A       45%         1


Dungeon Overview and Level Annotations

Branches:
Dungeon (8/15)             Temple (0/1) D:4
   Lair: D:8-11

Altars:
Cheibriados
Dithmenos
Kikubaaqudgha
Makhleb
Qazlal
Ru
Sif Muna
Uskayaw
Vehumet
Xom
Zin

Shops:
D:4 *   D:7 !=(

Annotations:
D:7 1 transporter
D:8 Psyche


Innate Abilities, Weirdness & Mutations

You have a pair of horns on your head.
You reflexively headbutt those who attack you in melee.


Message History

* * * LOW HITPOINT WARNING * * *
The gnoll completely misses you.
Psyche zaps a wand.
The puff of flame misses you.
Uskayaw will force your foes to helplessly watch your dance.
Uskayaw prepares the audience for your solo!
The helpless gnoll fails to defend itself.
You perforate the gnoll like a sieve!!!
You kill the gnoll!
You are engulfed in a cloud of scalding steam.
* * * LOW HITPOINT WARNING * * *
The helpless bullfrog fails to defend itself.
You spit the bullfrog like a pig!!! You freeze the bullfrog.
You kill the bullfrog!
You are engulfed in a cloud of scalding steam.
* * * LOW HITPOINT WARNING * * *
Uskayaw will force your foes to share their pain.
Uskayaw links your audience in an emotional bond!
Your Invocations skill increases to level 5!
Psyche is no longer paralysed.
Psyche casts a spell.
A swirling arc of seething chaos appears!
The arc of chaos hits you.
You are poisoned.
* * * LOW HITPOINT WARNING * * *
You feel better.
You hit Psyche but do no damage. You headbutt Psyche!
Psyche is moderately wounded.
The steam dragon is no longer sharing its pain.
Psyche barely misses you. The steam dragon bites you!
* * * LOW HITPOINT WARNING * * *
The steam dragon claws you.
* * * LOW HITPOINT WARNING * * *
You can now merge with and destroy a victim.
Aiming: Line Pass
Press: ? - help, Dir - move target Psyche appears confused.
Found 19 gold pieces.
You can no longer merge with and destroy a victim.
The steam dragon breathes steam at you. The ball of steam hits you!
You die...

.$... ... .....
.. ... #..... ..
... .... . ....
##...##. ...##
#.##...###
#....#
#....@..##D.....
#..@§.#)......
###...§D).....#
#.....#)).#..##
#...####.## .
#....# .[...
##..## .....
#....####.....
##.....#....###
.# #...........#
.......


You could see Psyche (confused, pain bonded) and a steam dragon (catching
breath).

Vanquished Creatures
  Pikel (D:7)
  A tarantella (shapeshifter) (D:4)
  A wraith (D:6)
  A black bear (D:5)
  3 sky beasts
  2 ogres
  A centaur (D:6)
  A lemure (D:7)
  2 phantoms
  Blork the orc (D:5)
  A kobold brigand (D:7)
  2 bullfrogs
  2 scorpions
  A killer bee (D:6)
  A howler monkey (D:8)
  A crimson imp (D:3)
  A jelly (D:8)
  2 hounds (D:4)
  An orc priest (D:4)
  3 gnoll boudas
  An iguana (D:6)
  3 sleepcaps
  4 orc wizards
  11 gnolls
  7 adders
  A white imp (D:6)
  An ufetubus (D:7)
  3 worms
  5 dart slugs
  17 orcs
  2 bats (D:1)
  10 endoplasms
  A giant cockroach (D:4)
  13 goblins
  9 hobgoblins
  2 quokkas
  14 ball pythons
  2 frilled lizards (D:3)
  10 kobolds
  6 rats
151 creatures vanquished.

Vanquished Creatures (others)
  A gnoll (D:8)
1 creature vanquished.

Grand Total: 152 creatures vanquished

Notes
Turn   | Place    | Note
-------+----------+-------------------------------------------
     0 | D:1      | Anon1729 the Minotaur Monk began the quest for the Orb.
     0 | D:1      | Reached XP level 1. HP: 19/19 MP: 0/0
   195 | D:1      | Reached XP level 2. HP: 26/27 MP: 1/1
   385 | D:1      | Reached skill level 1 in Armour
   730 | D:2      | Reached skill level 1 in Stealth
   730 | D:2      | Reached XP level 3. HP: 33/33 MP: 2/2
   864 | D:2      | Found a hide-covered altar of Uskayaw.
   885 | D:2      | Reached skill level 4 in Fighting
   885 | D:2      | Reached skill level 1 in Invocations
  1055 | D:2      | Reached XP level 4. HP: 40/40 MP: 3/3
  1265 | D:2      | Became a worshipper of Uskayaw the Reveller
  1265 | D:2      | Reached * piety under Uskayaw
  1400 | D:3      | Noticed a phantom
  1403 | D:3      | Reached ** piety under Uskayaw
  1406 | D:3      | Killed a phantom
  1406 | D:3      | Reached *** piety under Uskayaw
  1407 | D:3      | Reached XP level 5. HP: 46/47 MP: 3/5
  1706 | D:3      | Found a shimmering altar of Xom.
  1707 | D:3      | Found a burning altar of Makhleb.
  1973 | D:3      | Found a snail-covered altar of Cheibriados.
  2398 | D:4      | Found Zin's Purification Station.
  2398 | D:4      | Found a glowing silver altar of Zin.
  2448 | D:4      | Reached XP level 6. HP: 42/53 MP: 6/6
  2587 | D:4      | Reached **** piety under Uskayaw
  3011 | D:4      | Found a staircase to the Ecumenical Temple.
  3057 | D:4      | a worm changed into a shapeshifter
  3057 | D:4      | Noticed a shapeshifter (shapeshifter)
  3057 | D:4      | a shapeshifter changed into a hog
  3057 | D:4      | Noticed a hog (shapeshifter)
  3058 | D:4      | a hog changed into a shapeshifter
  3058 | D:4      | Noticed a shapeshifter (shapeshifter)
  3058 | D:4      | a shapeshifter changed into a tarantella
  3058 | D:4      | Noticed a tarantella (shapeshifter)
  3062 | D:4      | Killed a tarantella
  3063 | D:4      | Reached skill level 5 in Fighting
  3063 | D:4      | Reached XP level 7. HP: 61/61 MP: 6/8
  3081 | D:4      | Reached skill level 5 in Dodging
  3539 | D:4      | Found a stormy altar of Qazlal.
  3767 | D:5      | Entered Level 5 of the Dungeon
  3810 | D:5      | Reached skill level 5 in Short Blades
  3871 | D:5      | Reached XP level 8. HP: 53/70 MP: 9/9
  4068 | D:5      | Found a hide-covered altar of Uskayaw.
  4200 | D:5      | Noticed Blork the orc
  4210 | D:5      | Killed Blork the orc
  4424 | D:5      | Found a shadowy altar of Dithmenos.
  4713 | D:6      | Reached skill level 6 in Fighting
  4867 | D:6      | Reached skill level 5 in Armour
  4994 | D:6      | Reached ***** piety under Uskayaw
  5152 | D:6      | Noticed a boulder beetle
  5155 | D:6      | a boulder beetle changed into a jorogumo
  5155 | D:6      | Noticed a jorogumo
  5296 | D:7      | Reached XP level 9. HP: 40/78 MP: 11/11
  5452 | D:7      | Found Neuta's Weapon Shop.
  5466 | D:7      | Found Loiwk's Jewellery Shoppe.
  5474 | D:7      | Found Juopifam's Distillery.
  5479 | D:7      | Bought a potion of curing for 39 gold pieces
  5479 | D:7      | Bought a potion of resistance for 130 gold pieces
  5485 | D:7      | Noticed Pikel
  5501 | D:7      | Killed Pikel
  5502 | D:7      | Reached skill level 7 in Fighting
  5618 | D:7      | Found a sacrificial altar of Ru.
  5713 | D:7      | Found a transporter.
  5751 | D:7      | Noticed an orc knight
  5752 | D:7      | Noticed an orc sorcerer
  5756 | D:7      | Noticed a soul eater
  6058 | D:8      | Found a radiant altar of Vehumet.
  6064 | D:8      | Found an ancient bone altar of Kikubaaqudgha.
  6067 | D:8      | Found a shimmering blue altar of Sif Muna.
  6075 | D:8      | Got Sif Muna's Anthology of Moulding
  6200 | D:8      | Noticed Psyche
  6212 | D:8      | Reached skill level 5 in Invocations
  6215 | D:8      | Killed from afar by a steam dragon

Illustrated notes

Levels and vault maps discovered:
D:1:      onia_arrival_handbag, layout_basic, amcnicky_mini_pool_small
D:2:      minmay_angry_zag, layout_basic, basic_altar, kennysheep_generic_room_9
D:3:      layout_loops_ring, grunt_temple_overflow_champion_of_chaos,
          kennysheep_slug_shrine, kennysheep_generic_room_15
D:4:      layout_basic, kennysheep_little_box, zin_purify,
          minmay_temple_entry_wispy
D:5:      nicolae_cairo_tiling_large, layout_basic,
          nicolae_overflow_crystal_walls, mainiacjoe_overflow_surrounded_room,
          uniq_blork_the_orc
D:6:      minmay_opposing_rooms, layout_rooms, nicolae_yredelemnul_ghost_church,
          tso_altar, nzn_wu_jian_contemplation, minmay_misc_feat_five,
          serial_bayou_crossing
D:7:      layout_basic, nicolae_ru_awakened_eye, serial_shops,
          nicolae_shop_drivethru, shop, shop, nicolae_shop_crystal,
          nicolae_shop_rolling_square, grunt_ministairs_14,
          mrwooster_statue_mirror, wad_floor_pattern_untrapped,
          minmay_the_grid_2x2 [minmay_the_grid_spikes, minmay_the_grid_fan,
          minmay_the_grid_armoury, minmay_the_grid_prize_shrinking_boxes],
          uniq_pikel
D:8:      layout_cave_pools, grunt_temple_overflow_magic_moments,
          mainiacjoe_overflow_six_doors_small, minmay_guarded_unrand_finisher,
          uniq_psyche, uniq_maggie, uniq_joseph

Skill      XL: |  1  2  3  4  5  6  7  8  9 |
---------------+----------------------------+-----
Armour         | 1 2 3 4 5 6 |  6.0
Stealth        | 1 2 3 4 |  4.6
Fighting       | 4 5 6 7 |  7.3
Invocations    | 1 2 3 4 5 |  5.0
Short Blades   | 4 5 6 |  6.6
Dodging        | 4 5 6 |  6.7

Action                     |  1- 3 |  4- 6 |  7- 9 || total
---------------------------+-------+-------+-------++-------
  Melee: Rapier            |    75 |    57 |       ||   132
         Headbutt          |    11 |    19 |    60 ||    90
         Dagger            |       |    62 |   192 ||   254
 Invoke: Line Pass         |       |       |     1 ||     1
  Evoke: Wand              |       |       |     3 ||     3
    Use: Scroll            |       |       |    10 ||    10
         Potion            |       |       |     8 ||     8
   Stab: Paralysed         |       |     4 |    13 ||    17
         Distracted        |       |     1 |       ||     1
         Petrifying        |       |     1 |       ||     1
         Sleeping          |       |       |     2 ||     2
         Confused          |       |       |     1 ||     1
 Armour: Robe              |     9 |     6 |    26 ||    41
  Dodge: Dodged            |    44 |    82 |   119 ||   245
         Repelled          |       |     1 |     3 ||     4
